 Dungeon Crawl Stone Soup version 0.28-a0-706-gf6f64a616a (webtiles) character file.

Game seed: 10898976559189621155

1371 KoroneIsBestGirl the Frost Mage (level 8, -3/52 HPs)
             Began as a Barachi Ice Elementalist on Oct 24, 2021.
             Was a Priest of Makhleb.
             Slain by Prince Ribbit (14 damage)
             ... on level 5 of the Dungeon.
             The game lasted 00:09:34 (7536 turns).

KoroneIsBestGirl the Frost Mage (BaIE)              Turns: 7536, Time: 00:09:35

Health: -3/52      AC:  4    Str: 10    XL:     8   Next: 65%
Magic:  9/17       EV: 14    Int: 17    God:    Makhleb [***...]
Gold:   270        SH:  5    Dex: 13    Spells: 15/19 levels left

rFire   . . .      SeeInvis .   w - +3 dagger (venom)
rCold   + . .      Faith    .   (no shield)
rNeg    . . .      Spirit   .   a - +0 robe
rPois   .          Reflect  +   q - +1 helmet
rElec   .          Harm     .   (no cloak)
rCorr   .          Rampage  .   (no gloves)
Will    .....                   (no boots)
Stlth   ++........              k - amulet of reflection
HPRegen 0.17/turn               v - ring of protection from cold
MPRegen 0.15/turn               (no ring)

@: freezing walls, slow
A: amphibious, slowness 1, strong legs 1, +LOS
a: Hop, Renounce Religion, Minor Destruction, Lesser Servant of Makhleb


You were on level 5 of the Dungeon.
You worshipped Makhleb.
Makhleb was most pleased with you.
You visited 1 branch of the dungeon, and saw 5 of its levels.

You collected 270 gold pieces.

Inventory:

Hand Weapons
 n - a +0 short sword of speed
 w - a +3 dagger of venom (weapon)
 z - a +1 flail of distortion
Armour
 a - a +0 robe (worn)
 q - a +1 helmet (worn)
 s - a +0 kite shield
Jewellery
 j - a ring of fire
 k - an amulet of reflection (around neck)
 v - a ring of protection from cold (left hand)
 y - an amulet of the acrobat
Scrolls
 c - a scroll of fog {unknown}
 e - a scroll of brand weapon {unknown}
 g - a scroll of enchant armour {unknown}
 m - 6 scrolls of teleportation
 r - a scroll of vulnerability {unknown}
 t - a scroll of magic mapping {unknown}
 x - a scroll of identify {unknown}
Potions
 b - a potion of ambrosia {unknown}
 d - a potion of invisibility {unknown}
 f - 3 potions of cancellation {unknown}
 h - a potion of attraction {unknown}
 i - a potion of lignification {unknown}
 l - 3 potions of curing {unknown}
 o - 2 potions of heal wounds {unknown}
 p - a potion of magic {unknown}
 u - a potion of flight {unknown}


   Skills:
 - Level 6.0 Dodging
 - Level 1.7 Stealth
 * Level 4.1 Shields
 + Level 6.0 Spellcasting
 + Level 8.3 Ice Magic


You had 15 spell levels left.
You knew the following spells:

 Your Spells              Type           Power      Damage    Failure   Level
a - Freeze                Ice            100%       1d11      1%          1
b - Frozen Ramparts       Ice            66%        1d8       1%          3

Your spell library contained the following spells:

 Spells                   Type           Power      Damage    Failure   Level
 Ozocubu's Armour         Ice            33%        N/A       1%          3
 Animate Skeleton         Necr           10%        N/A       13%         1
 Pain                     Necr           20%        1d5       13%         1
 Hailstorm                Conj/Ice       19%        3d6       22%         4
 Vampiric Draining        Necr           2%         2d6       36%         3


Dungeon Overview and Level Annotations

Branches:
Dungeon (5/15)
 Temple: D:4-7

Altars:
Cheibriados
Elyvilon
Kikubaaqudgha
Makhleb
Qazlal

Annotations:
D:5 Prince Ribbit


Innate Abilities, Weirdness & Mutations

You are amphibious.
You cover ground slowly.
You can hop short distances.
You have an extended range of vision and can be seen from far away.


Message History

Prince Ribbit is nearby!
Prince Ribbit is nearby!
Casting: Freeze (safe; 1% risk of failure)
Confirm with . or Enter, or press ? or * to list all spells.
Casting: Frozen Ramparts (safe; 1% risk of failure)
Press: ? - help, Dir - look around, f - activate The walls around you are covered in ice.
Prince Ribbit croaks.
The wall freezes Prince Ribbit.
You are too injured to fight recklessly!
Casting: Frozen Ramparts (safe; 1% risk of failure)
Confirm with . or Enter, or press ? or * to list all spells.
Aiming: Freeze (safe; 1% risk of failure)
Press: ? - help, Shift-Dir - straight line, f - Prince Ribbit
Aim: Prince Ribbit (lightly wounded)
You freeze Prince Ribbit.
Prince Ribbit is moderately wounded.
The wall freezes Prince Ribbit!
Prince Ribbit seems to slow down.
Prince Ribbit hits you.
Casting: Freeze (safe; 1% risk of failure)
Confirm with . or Enter, or press ? or * to list all spells.
Aiming: Freeze (safe; 1% risk of failure)
Press: ? - help, Shift-Dir - straight line, f/p - Prince Ribbit
Aim: Prince Ribbit (moderately wounded, slow)
You freeze Prince Ribbit.
Prince Ribbit is moderately wounded.
Prince Ribbit seems to slow down.
The wall freezes Prince Ribbit.
Prince Ribbit seems to slow down.
Prince Ribbit hits you.
* * * LOW HITPOINT WARNING * * *
Casting: Freeze (safe; 1% risk of failure)
Confirm with . or Enter, or press ? or * to list all spells.
Aiming: Freeze (safe; 1% risk of failure)
Press: ? - help, Shift-Dir - straight line, f/p - Prince Ribbit
Aim: Prince Ribbit (heavily wounded, slow)
You freeze Prince Ribbit.
Prince Ribbit is severely wounded.
The wall freezes Prince Ribbit.
Prince Ribbit seems to slow down.
Prince Ribbit says, "You're just another fly to me."
Prince Ribbit hits you!
You die...

.≈≈#####≈≈≈≈≈≈≈≈≈≈≈≈≈≈≈≈≈≈≈†≈≈≈≈†
.≈≈#ggg#...............(.........
.≈≈#...##########################
.≈≈###+# .≈≈≈.#
###################### .≈≈≈.#
.#.........#8..8#...... .≈≈≈.#
)#........)'....'..8# .≈≈≈.#
.'.......))')...'..8# .≈≈≈.#
.#....))@F.#...)#..... .≈≈≈.#
###''#######..))# ## .≈≈≈.# .
#)†..# .≈≈≈.#. #....# .≈≈###'#
#....#
P≈≈#...#############)'''#########
.≈≈#.gg#...........))............
.≈≈#####≈≈≈≈≈≈≈≈≈≈≈≈)...≈≈≈≈≈≈≈≈≈
.≈≈≈≈≈≈≈≈≈≈≈≈≈≈≈≈≈≈≈....≈≈≈≈≈≈≈≈≈


You could see Prince Ribbit (slow).

Vanquished Creatures
  A black bear (D:4)
  A centaur (D:5)
  A kobold brigand (D:5)
  2 scorpions
  3 howler monkeys (D:5)
  A vampire bat (D:4)
  A bullfrog zombie (D:5)
  3 hounds (D:5)
  2 gnoll shamans
  An orc priest (D:5)
  Jessica (D:3)
  6 iguanas
  A hound zombie (D:5)
  A howler monkey zombie (D:5)
  Robin (D:3)
  15 gnolls
  5 adders
  2 white imps
  A dart slug (D:2)
  3 fire bats (D:4)
  12 orcs (D:5)
  2 spectral bats (D:4)
  9 ball pythons
  13 bats
  3 bat skeletons (D:4)
  A bat zombie (D:4)
  6 endoplasms
  3 giant cockroaches
  15 goblins
  8 hobgoblins
  12 jackals (D:5)
  A quokka (D:5)
  A bat simulacrum (D:4)
  4 frilled lizards
  5 kobolds
  8 rats
155 creatures vanquished.

Vanquished Creatures (collateral kills)
  2 gnolls (D:5)
  2 orcs (D:5)
4 creatures vanquished.

Grand Total: 159 creatures vanquished

Notes
Turn   | Place    | Note
-------+----------+-------------------------------------------
     0 | D:1      | KoroneIsBestGirl the Barachi Ice Elementalist began the
                  | quest for the Orb.
     0 | D:1      | Reached XP level 1. HP: 13/13 MP: 3/3
   453 | D:1      | Reached skill level 5 in Ice Magic
   491 | D:1      | Reached XP level 2. HP: 18/19 MP: 3/5
   659 | D:1      | Found a faded altar of an unknown god.
   670 | D:1      | Prayed at the altar of an unknown god.
   670 | D:1      | Became a worshipper of Makhleb the Destroyer
   670 | D:1      | Reached * piety under Makhleb
  1710 | D:2      | Reached XP level 3. HP: 22/24 MP: 2/7
  2092 | D:3      | Noticed a scorpion
  2126 | D:3      | Learned a level 3 spell: Frozen Ramparts
  2414 | D:2      | Killed a scorpion
  2415 | D:2      | Reached XP level 4. HP: 30/30 MP: 2/8
  2988 | D:3      | Reached XP level 5. HP: 30/35 MP: 3/10
  3235 | D:3      | Reached skill level 6 in Ice Magic
  3414 | D:3      | Noticed Robin
  3427 | D:3      | Killed Robin
  3592 | D:3      | Reached ** piety under Makhleb
  3734 | D:3      | Found a stormy altar of Qazlal.
  3753 | D:3      | Noticed Jessica
  3769 | D:3      | Killed Jessica
  4088 | D:3      | Reached XP level 6. HP: 36/41 MP: 7/11
  4186 | D:4      | Noticed a black bear
  4192 | D:4      | Killed a black bear
  4520 | D:4      | Reached XP level 7. HP: 46/46 MP: 13/13
  4594 | D:4      | Reached skill level 5 in Dodging
  4594 | D:4      | Reached skill level 7 in Ice Magic
  4713 | D:4      | Reached *** piety under Makhleb
  5292 | D:5      | Entered Level 5 of the Dungeon
  5292 | D:5      | Found a white marble altar of Elyvilon.
  5338 | D:5      | Found a snail-covered altar of Cheibriados.
  6085 | D:5      | Reached skill level 5 in Spellcasting
  6351 | D:5      | Found an ancient bone altar of Kikubaaqudgha.
  6587 | D:5      | Reached skill level 1 in Shields
  6587 | D:5      | Reached XP level 8. HP: 44/52 MP: 16/16
  7083 | D:5      | Reached skill level 8 in Ice Magic
  7525 | D:5      | Noticed Prince Ribbit
  7536 | D:5      | Slain by Prince Ribbit

Illustrated notes

Levels and vault maps discovered:
D:1:      scummos_arrival_checkerplants, layout_basic,
          dreamdust_ecumenical_altar_statues, grunt_decor_arrowhead
D:2:      layout_rooms
D:3:      layout_rooms, mainiacjoe_overflow_boulevard, gup_sewer_entry_bowl,
          uniq_jessica, uniq_robin
D:4:      layout_basic, goddamned_bats
D:5:      lemuel_castle_with_subvaults [lemuel_castle_interior_carwin_2],
          layout_basic, mainiacjoe_overflow_24_doors, cheibriados_altar_1,
          elyvilon_altar_5, kennysheep_generic_room_6, uniq_prince_ribbit1

Skill      XL: |  1  2  3  4  5  6  7  8 |
---------------+-------------------------+-----
Ice Magic      | 5 6 7 8 |  8.3
Dodging        | 3 4 5 6 |  6.0
Spellcasting   | 3 4 5 6 |  6.0
Shields        | 1 4 |  4.1
Stealth        | |  1.7

Action                   |  1- 3 |  4- 6 |  7- 9 || total
-------------------------+-------+-------+-------++-------
Melee: Unarmed           |     1 |       |       ||     1
       Dagger            |    10 |       |    39 ||    49
       Short sword       |    14 |   110 |    48 ||   172
 Cast: Freeze            |    46 |    41 |    92 ||   179
       Frozen Ramparts   |     1 |     8 |    11 ||    20
Invok: Lesser Servant of |       |       |     1 ||     1
 Abil: Hop               |     3 |     2 |       ||     5
  Use: Scroll            |       |       |     2 ||     2
 Stab: Sleeping          |     1 |     1 |       ||     2
Armor: Robe              |    11 |    40 |    29 ||    80
Dodge: Dodged            |    40 |    97 |   120 ||   257
Block: Other             |    12 |    42 |    47 ||   101

Table legend: (Time is in decaauts)
 A = Elapsed time spent in this place.
 B = Non-inter-level travel time spent in this place.
 C = Inter-level travel time spent in this place.
 D = Time resting spent in this place.
 E = Time spent auto-exploring this place.
 F = Levels seen in this place.
 G = Mean time per level.
                   A        B        C        D        E       F      G
               +--------+--------+--------+--------+--------+-----+--------+
         Total |   8068 |   7821 |    247 |   1470 |   5268 |   5 | 1613.6 |
       Dungeon |   8068 |   7821 |    247 |   1470 |   5268 |   5 | 1613.6 |
               +--------+--------+--------+--------+--------+-----+--------+

Top non-repeatable levels by time:
     D:4: 1985 daAuts
     D:5: 1664 daAuts
     D:1: 1638 daAuts
     D:2: 1412 daAuts
     D:3: 1367 daAuts
